 Dungeon Crawl Stone Soup version 0.28-a0-1227-ga9037bb4c8 (webtiles) character file.

Game seed: 15963099435075221055

2005 flotson the Ducker (level 9, -1/68 HPs)
             Began as a Demonspawn Gladiator on Dec 23, 2021.
             Succumbed to a water moccasin's poison
             ... on level 4 of the Dungeon.
             The game lasted 00:19:12 (9359 turns).

flotson the Ducker (Demonspawn Gladiator)           Turns: 9359, Time: 00:19:12

Health: -1/68      AC:  9    Str: 19    XL:     9   Next: 2%
Magic:  3/9        EV: 14    Int:  9    God:
Gold:   73         SH:  5    Dex: 15    Spells: 8/8 levels left

rFire   . . .      SeeInvis +   a - +2 whip (freeze)
rCold   . . .      Faith    .   p - +0 buckler
rNeg    . . .      Spirit   +   k - +3 leather armour {rPois}
rPois   +          Reflect  .   (helmet unavailable)
rElec   +          Harm     .   d - +1 cloak
rCorr   .          Rampage  .   w - +0 pair of gloves
Will    .....      Clarity  +   (no boots)
Stlth   +.........              s - amulet of the acrobat
HPRegen 0.21/turn               (no ring)
MPRegen 0.22/turn               (no ring)

@: mighty, lethally poisoned (-1 -> -3), on berserk cooldown, flying, slowed,
very slow
A: antennae 3, magic shield, magic regeneration, clarity, electricity
resistance, sturdy frame 2
a: no special abilities


You were on level 4 of the Dungeon.
You visited 2 branches of the dungeon, and saw 6 of its levels.

You collected 291 gold pieces.
You spent 218 gold pieces at shops.

Inventory:

Hand Weapons
 a - a +2 whip of freezing (weapon)
Missiles
 i - a javelin (quivered)
Armour
 d - a +1 cloak (worn)
 j - a scarf of invisibility
 k - a +3 leather armour of poison resistance (worn)
 p - a +0 buckler (worn)
 q - a +0 pair of gloves
 w - a +0 pair of gloves (worn)
Jewellery
 s - an amulet of the acrobat (around neck)
Wands
 g - a wand of iceblast (7)
 x - a wand of polymorph (8)
Scrolls
 b - a scroll of amnesia {unknown}
 f - a scroll of fog
 m - a scroll of immolation
 o - a scroll of holy word {unknown}
 u - a scroll of silence {unknown}
 v - a scroll of fear {unknown}


   Skills:
 + Level 5.2 Fighting
 + Level 2.8 Maces & Flails
 + Level 4.8 Throwing
 + Level 4.3 Armour
 + Level 5.2 Dodging
 + Level 3.6 Shields
 + Level 4.3 Evocations


You had 8 spell levels left.
You didn't know any spells.
Your spell library was empty.

Dungeon Overview and Level Annotations

Branches:
Dungeon (5/15)             Temple (1/1) D:5

Altars:
Cheibriados
Elyvilon
Gozag
Kikubaaqudgha
Makhleb
Nemelex Xobeh
Ru
Wu Jian
Xom
Zin
The Shining One

Shops:
D:1 (   D:2 *?**[

Annotations:
D:4 2 transporters
D:5 2 runed translucent doors, ytrimaz's ghost, novice OpTm


Innate Abilities, Weirdness & Mutations

You have a pair of large antennae on your head. (SInv)
When hurt, damage is shared between your health and your magic reserves.
You regenerate magic rapidly.
You possess an exceptional clarity of mind.
You are resistant to electric shocks. (rElec)
Your movements are less encumbered by armour. (ER -4)


Message History

The water moccasin poisons you! The adder misses you.
The water moccasin bites you but does no damage.
Unknown command.
You whack the adder!
The adder seems to slow down.
You freeze the adder.
You kill the adder!
* * * LOW HITPOINT WARNING * * *
You feel very sick.
The water moccasin bites you but does no damage. x2
Really quaff the potion of mutation?
You feel extremely strange.
Your thoughts seem clearer.
You feel less encumbered by your armour.
You feel insulated.
You feel less encumbered by your armour.
* * * LOW HITPOINT WARNING * * *
You feel very sick. The water moccasin closely misses you.
The water moccasin barely misses you.
Unknown command.
You aren't carrying any potions.
You barely miss the water moccasin.
The water moccasin is moderately wounded.
* * * LOW HITPOINT WARNING * * *
You feel sick.
The water moccasin bites you but does no damage.
The water moccasin bites you.
* * * LOW HITPOINT WARNING * * *
You closely miss the water moccasin.
The water moccasin is moderately wounded.
* * * LOW HITPOINT WARNING * * *
You feel sick. The water moccasin bites you.
The water moccasin closely misses you.
Unknown command.
You closely miss the water moccasin.
The water moccasin is moderately wounded.
* * * LOW HITPOINT WARNING * * *
You feel sick. The water moccasin barely misses you.
The water moccasin closely misses you.
You closely miss the water moccasin.
The water moccasin is moderately wounded.
You die...

### ### ### # #.# #.# #.# # #.#
#.# #.# # #.# #.## #.# # ##.#
#..# #.# #
...########..#############.# ####
.#..............@S.[.......# #.##
.##########................# #.##
...........................###.##
...........................>##.##
.###.........#.##...........##.##
.# #......(..#.##.#######...##.##
.###.........#.##.#######....[.##
...'........)....................
.###........##.##.###.###......##


You could see a water moccasin.

Vanquished Creatures
  Pikel (D:4)
  Grinder (D:4)
  Sigmund (D:3)
  Eustachio (D:5)
  2 ogres
  A centaur (D:5)
  3 lemures (D:4)
  3 phantoms (D:4)
  Blork the orc (D:5)
  2 scorpions
  A bullfrog zombie (D:4)
  A hound (D:2)
  A jelly (D:5)
  A centaur skeleton (D:5)
  A gnoll shaman (D:3)
  Ijyb (D:5)
  Terence (D:2)
  An orc wizard (D:4)
  Robin (D:2)
  4 gnolls (D:4)
  11 adders
  A white imp (D:5)
  A worm (D:2)
  3 dart slugs
  2 orcs (D:4)
  4 endoplasms
  5 giant cockroaches
  9 hobgoblins
  4 jackals (D:1)
  4 kobolds
  2 ball pythons (D:3)
  3 bats
  5 frilled lizards
  11 goblins
  2 rats
96 creatures vanquished.

Vanquished Creatures (others)
  11 plants (D:3)
11 creatures vanquished.

Grand Total: 107 creatures vanquished

Notes
Turn   | Place    | Note
-------+----------+-------------------------------------------
     0 | D:1      | flotson the Demonspawn Gladiator began the quest for the
                  | Orb.
     0 | D:1      | Reached XP level 1. HP: 16/16 MP: 1/1
   259 | D:1      | Gained mutation: You have a pair of small antennae on your
                  | head. [demonic ancestry]
   259 | D:1      | Reached XP level 2. HP: 16/22 MP: 2/2
   612 | D:1      | Found Ruz Lamp's Weapon Emporium.
   868 | D:2      | Noticed Robin
  1093 | D:2      | Noticed Terence
  1098 | D:2      | Killed Terence
  1099 | D:2      | Reached skill level 1 in Armour
  1099 | D:2      | Reached XP level 3. HP: 28/28 MP: 3/3
  1283 | D:2      | Killed Robin
  1297 | D:2      | Reached XP level 4. HP: 20/34 MP: 4/4
  1424 | D:2      | Found Biacoidd's Magic Scroll Shop.
  1431 | D:2      | Found Hogunef's Assorted Antiques.
  1484 | D:2      | Bought a glowing puce potion for 21 gold pieces
  1484 | D:2      | Bought a murky dark potion for 21 gold pieces
  1484 | D:2      | Bought a scroll labelled AXKADI KIEBATU for 24 gold pieces
  1484 | D:2      | Bought a scroll labelled MOUPPO YSHE for 24 gold pieces
  1484 | D:2      | Bought a scroll labelled JIRHUM AT VIA for 24 gold pieces
  1496 | D:2      | Bought a scroll of noise for 14 gold pieces
  1783 | D:2      | Found a faded altar of an unknown god.
  1789 | D:2      | Found Adalid's Antique Armour Shoppe.
  1914 | D:2      | Found Funis's Assorted Antiques.
  1922 | D:2      | Bought a ruby potion for 19 gold pieces
  1922 | D:2      | Bought a lumpy yellow potion for 19 gold pieces
  1941 | D:2      | Found Unaok's Assorted Antiques.
  2302 | D:3      | Gained mutation: You have a pair of antennae on your head.
                  | [demonic ancestry]
  2302 | D:3      | Reached XP level 5. HP: 21/41 MP: 5/5
  2503 | D:3      | Reached skill level 1 in Evocations
  2672 | D:3      | Noticed Sigmund
  3158 | D:3      | Killed Sigmund
  3159 | D:3      | Reached skill level 1 in Shields
  3159 | D:3      | Gained mutation: You regenerate magic rapidly. [demonic
                  | ancestry]
  3159 | D:3      | Reached XP level 6. HP: 21/47 MP: 6/6
  3966 | D:4      | Noticed Pikel
  4345 | D:4      | Reached XP level 7. HP: 28/53 MP: 7/7
  4705 | D:4      | Found a transporter.
  5157 | D:4      | Found a transporter.
  5203 | D:2      | Bought a scroll labelled QEITTO ERACREI for 24 gold pieces
  5677 | D:2      | Bought a scroll of fog for 28 gold pieces
  5693 | D:4      | Noticed Grinder
  5842 | D:4      | Paralysed by Grinder for 3 turns
  5855 | D:4      | Paralysed by Grinder for 3 turns
  5868 | D:4      | Killed Grinder
  6233 | D:4      | Gained mutation: You have a pair of large antennae on your
                  | head. (SInv) [demonic ancestry]
  6233 | D:4      | Reached XP level 8. HP: 61/61 MP: 8/8
  6822 | D:4      | Found a transporter.
  6958 | D:4      | Found a transporter.
  7550 | D:4      | Killed Pikel
  7929 | D:5      | Entered Level 5 of the Dungeon
  7950 | D:5      | Reached skill level 5 in Dodging
  8198 | D:5      | Noticed Ijyb
  8198 | D:5      | Noticed Blork the orc
  8214 | D:5      | Killed Ijyb
  8224 | D:5      | Killed Blork the orc
  8225 | D:5      | Reached skill level 5 in Fighting
  8446 | D:5      | Found a staircase to the Ecumenical Temple.
  8452 | Temple   | Entered the Ecumenical Temple
  8692 | D:5      | Noticed Eustachio
  8723 | D:5      | Killed Eustachio
  8940 | D:5      | Found a runed translucent door.
  8942 | D:5      | Noticed ytrimaz's ghost (novice OpTm)
  9116 | D:5      | Found a runed translucent door.
  9314 | D:4      | Gained mutation: When hurt, damage is shared between your
                  | health and your magic reserves. [demonic ancestry]
  9314 | D:4      | Reached XP level 9. HP: 17/68 MP: 9/9
  9355 | D:4      | Gained mutation: You possess an exceptional clarity of
                  | mind. [potion of mutation]
  9355 | D:4      | Gained mutation: Your movements are slightly less
                  | encumbered by armour. (ER -2) [potion of mutation]
  9355 | D:4      | Gained mutation: You are resistant to electric shocks.
                  | (rElec) [potion of mutation]
  9355 | D:4      | Gained mutation: Your movements are less encumbered by
                  | armour. (ER -4) [potion of mutation]
  9356 | D:4      | HP: 3/68 [water moccasin (1)]
  9357 | D:4      | HP: 1/68 [poisoned by a water moccasin]
  9359 | D:4      | Succumbed to a water moccasin's poison

Illustrated notes

Levels and vault maps discovered:
D:1:      matt_arrival_los_fun, layout_basic, serial_shops,
          nicolae_shop_bloodbath_and_beyond
D:2:      layout_rooms, serial_shops, nicolae_shop_window_shopping,
          nicolae_lakefront_shop, nicolae_lakefront_shop, shop_statue, shop,
          shapermc_ecumenical_altar_mp_urbaneastern, hangedman_decor_push,
          minmay_split_cup_large, uniq_terence, uniq_robin
D:3:      layout_rooms, grunt_decor_clamped, serial_bayou_pond_c,
          chequers_serial_rivers_micro_a, uniq_sigmund
D:4:      gammafunk_wand_slinger, layout_basic, gup_sewer_entry_glass,
          uniq_pikel, uniq_grinder
D:5:      layout_loops_ring, temple_green, ebering_ghost_sewer_f,
          minmay_joined_circles, uniq_ijyb, uniq_eustachio, uniq_blork_the_orc
Temple:   mainiacjoe_temple_hex_bubbles

Skill      XL: |  1  2  3  4  5  6  7  8 |
---------------+-------------------------+-----
Throwing       | 2 3 4 |  4.8
Armour         | 1 2 3 4 |  4.3
Dodging        | 3 4 5 |  5.2
Fighting       | 3 4 5 |  5.2
Evocations     | 1 2 3 4 |  4.3
Shields        | 1 2 3 |  3.6
Maces & Flails | |  2.8

Action                   |  1- 3 |  4- 6 |  7- 9 || total
-------------------------+-------+-------+-------++-------
Melee: Flail             |    72 |   152 |   112 ||   336
       Whip              |       |       |   103 ||   103
Throw: Javelin           |    10 |    20 |    38 ||    68
       Throwing net      |       |     3 |       ||     3
Evoke: Wand              |       |       |     1 ||     1
  Use: Potion            |       |     6 |     7 ||    13
       Scroll            |       |     2 |     7 ||     9
 Stab: Sleeping          |       |       |     1 ||     1
Armor: Leather armour    |     9 |       |    26 ||    35
       Ring mail         |     6 |    59 |    56 ||   121
Dodge: Dodged            |    45 |   111 |   162 ||   318
Block: Buckler           |       |    14 |    60 ||    74

Table legend: (Time is in decaauts)
 A = Elapsed time spent in this place.
 B = Non-inter-level travel time spent in this place.
 C = Inter-level travel time spent in this place.
 D = Time resting spent in this place.
 E = Time spent auto-exploring this place.
 F = Levels seen in this place.
 G = Mean time per level.
                   A        B        C        D        E       F      G
               +--------+--------+--------+--------+--------+-----+--------+
         Total |   9487 |   9005 |    482 |   1440 |   6031 |   6 | 1581.2 |
       Dungeon |   9350 |   8921 |    429 |   1440 |   5952 |   5 | 1870.0 |
        Temple |    137 |     84 |     53 |      0 |     79 |   1 |  137.0 |
               +--------+--------+--------+--------+--------+-----+--------+

Top non-repeatable levels by time:
     D:4: 3671 daAuts
     D:3: 2034 daAuts
     D:2: 1531 daAuts
     D:1: 1071 daAuts
     D:5: 1041 daAuts
  Temple: 137 daAuts
